Map: Berlingrad LE

Players

ByuN

  • Race: Terran Terran

DPGDark (Dark) - Winner!

  • Race: Zerg Zerg

Event: TSL 8

VOD

Have the link to the VOD?

Description

Time

  • Played on: Nov. 28, 2021, 2:55 a.m.
  • Length: 29:49

All games in this series

Show
View Real Time Build Order
Export as new Build Order

ByuN Terran 

Build Orders: Reaper Expand, Hellion Banshee 

Get SALT Encoding   

  12  0:00  SCV  
  13  0:12  SCV  
  14  0:16  Supply Depot  
  14  0:24  SCV  
  15  0:38  SCV  
  15  0:40  Barracks  
  15  0:42  Refinery  
  16  0:50  SCV  
  17  1:02  SCV  
  18  1:14  SCV  
  19  1:26  Reaper  
  19  1:27  Orbital Command  
  20  1:38  Command Center  
  20  1:48  Supply Depot  
  20  1:52  SCV  
  21  1:58  Marine  
  22  2:04  SCV  
  22  2:08  Factory  
  23  2:12  Refinery  
  23  2:16  SCV  
  23  2:20  Barracks Reactor  
  24  2:28  SCV  
  25  2:40  SCV  
  26  2:51  Orbital Command  
  26  2:52  Starport  
  26  2:53  SCV  
  27  3:05  Hellion x2, SCV  
  32  3:06  Barracks Tech Lab  
  33  3:21  SCV  
  33  3:22  SCV  
  33  3:26  Hellion x2, Supply Depot  
  38  3:34  Banshee, SCV x2  
  40  3:36  Cloaking Field  
  40  3:38  Marine  
  44  3:46  SCV x2  
  46  3:49  Supply Depot  
  46  3:55  Hellion x2  
  50  3:58  SCV x2, Barracks Tech Lab  
  52  4:10  SCV x2  
  54  4:17  Command Center  
  54  4:22  Banshee  
  54  4:23  Marine  
  58  4:26  SCV x2  
  58  4:27  Factory Reactor  
  58  4:28  Stimpack  
  60  4:32  Supply Depot  
  60  4:38  SCV x2  
  60  4:43  Barracks  
  62  4:47  Barracks  
  62  4:53  Marine  
  62  4:54  SCV x2  
  62  4:55  Supply Depot  
  65  5:11  SCV x2, Marine  
  65  5:13  Starport Reactor  
  68  5:14  Engineering Bay  
  68  5:16  Refinery  
  68  5:17  Refinery  
  68  5:18  Engineering Bay  
  68  5:23  SCV  
  68  5:24  SCV, Siege Tank  
  73  5:29  Marine  
  73  5:32  Orbital Command  
  74  5:36  SCV  
  74  5:37  SCV, Barracks  
  74  5:38  Barracks  
  74  5:40  Marine x2  
  78  5:45  Terran Infantry Weapons Level 1, Terran Infantry Armor Level 1  
  78  5:47  Marine  
  78  5:49  Marine x2  
  81  5:52  SCV  
  81  5:53  SCV  
  81  5:57  Siege Tank  
  86  5:59  SCV  
  87  6:05  SCV, Marine x3  
  87  6:07  Marine x2  
  93  6:15  Orbital Command  
  93  6:20  SCV  
  93  6:21  Medivac x2  
  93  6:22  Combat Shield, Marine  
  93  6:23  Marine x2  
  101  6:28  Barracks Tech Lab  
  101  6:29  Supply Depot, Barracks Reactor  
  101  6:30  Supply Depot  
  101  6:33  SCV x2, Marine  
  101  6:34  Supply Depot  
  104  6:42  Supply Depot  
  104  6:44  SCV  
  104  6:45  SCV x2  
  104  6:46  Marauder, Marine x2  
  109  6:48  Concussive Shells  
  109  6:50  Marine  
  109  6:51  Marauder, Marine  
  113  6:58  Supply Depot  
  113  6:59  Supply Depot  
  113  7:00  SCV x2  
  112  7:02  SCV  
  112  7:06  Medivac x2  
  117  7:12  SCV x2, Siege Tank  
  117  7:14  SCV  
  121  7:23  Marine x2  
  121  7:24  SCV x2, Marine x3  
  121  7:25  Marine  
  121  7:26  Marauder, SCV  
  121  7:28  Marauder  
  134  7:30  Armory  
  134  7:32  Supply Depot  
  134  7:33  Refinery  
  134  7:35  Refinery  
  134  7:37  Medivac x2  
  136  7:47  Marine x5  
  136  7:48  Marauder, Marine  
  136  7:49  Marauder  
  146  8:07  Medivac x2  
  146  8:12  Marine x6  
  148  8:13  Marine  
  148  8:14  Marauder  
  148  8:17  Terran Infantry Armor Level 2  
  148  8:19  SCV x2  
  155  8:29  Barracks x2  
  155  8:31  Marauder  
  155  8:32  Barracks  
  157  8:35  Command Center  
  157  8:37  Medivac x2  
  157  8:40  Marauder  
  161  8:41  Marine x3  
  161  8:44  Siege Tank  
  147  8:52  Marauder  
  149  9:04  Marauder  
  149  9:05  Marine x3  
  149  9:06  Factory  
  149  9:08  Terran Infantry Weapons Level 2  
  154  9:14  Marauder  
  154  9:15  SCV x3  
  157  9:17  Terran Vehicle Weapons Level 1  
  157  9:21  Supply Depot  
  157  9:22  Supply Depot  
  157  9:23  Marine  
  157  9:24  Barracks Tech Lab x2, Barracks Reactor  
  158  9:25  Marine x3  
  158  9:26  Marine x2  
  163  9:38  Supply Depot  
  163  9:40  Supply Depot  
  163  9:41  Supply Depot  
  163  9:42  Supply Depot  
  163  9:43  Siege Tank  
  166  9:45  Supply Depot  
  166  9:49  Ghost Academy  
  166  9:52  Factory Tech Lab  
  163  10:03  Marauder x4, Marine x3  
  163  10:04  Marine  
  170  10:21  Siege Tank x2  
  174  10:28  Ghost x3  
  174  10:29  Ghost  
  174  10:30  Marine x2  
  174  10:31  Marine x5  
  174  10:34  Refinery  
  189  10:37  Refinery  
  189  10:38  SCV x2  
  186  10:52  Sensor Tower  
  186  10:53  Missile Turret, Siege Tank x2  
  186  10:54  SCV x3  
  192  11:00  Terran Infantry Armor Level 3  
  188  11:07  Planetary Fortress  
  189  11:15  Command Center  
  188  11:22  Refinery  
  188  11:26  Refinery  
  188  11:27  Command Center  
  188  11:28  Missile Turret  
  188  11:32  SCV x2  
  189  11:35  Marine  
  190  11:40  Terran Infantry Weapons Level 3  
  190  11:42  Siege Tank  
  190  11:44  Siege Tank  
  190  11:46  Sensor Tower  
  196  11:51  Ghost  
  198  11:57  Ghost  
  200  12:12  Viking  
  200  12:13  Viking  
  197  12:16  Ghost  
  197  12:19  Personal Cloaking  
  198  12:28  Ghost  
  187  12:41  Ghost x2  
  179  12:44  Ghost  
  179  12:48  Orbital Command  
  181  12:51  Command Center  
  181  12:53  Terran Vehicle Weapons Level 2  
  180  13:04  Ghost  
  180  13:09  Ghost x2  
  179  13:14  Marine x5  
  179  13:26  Siege Tank x2  
  178  13:30  Command Center  
  178  13:32  Command Center  
  178  13:34  Ghost x2  
  178  13:38  Ghost  
  184  13:41  Command Center  
  184  13:44  Missile Turret  
  184  13:58  Siege Tank x2  
  184  13:59  Marauder  
  184  14:00  Enhanced Shockwaves  
  192  14:04  Marauder x2  
  192  14:05  Missile Turret  
  192  14:07  Marauder  
  196  14:28  Ghost x3  
  198  14:36  Sensor Tower  
  198  14:37  Liberator  
  197  15:04  Siege Tank  
  200  15:12  Planetary Fortress  
  200  15:14  Missile Turret  
  200  15:16  Missile Turret  
  200  15:18  Missile Turret x2  
  200  15:21  Orbital Command  
  200  15:30  Siege Tank  
  200  15:32  Refinery  
  200  15:34  Refinery  
  200  15:35  Missile Turret, Command Center  
  199  15:36  Command Center  
  199  15:39  Missile Turret  
  198  15:43  Command Center  
  163  15:52  Siege Tank  
  150  15:59  Ghost x3  
  150  16:02  Siege Tank  
  150  16:03  Ghost  
  157  16:04  Marine x3  
  157  16:05  Marine x2  
  157  16:07  SCV x3  
  157  16:10  Marine x3  
  170  16:24  Siege Tank  
  173  16:28  Ghost  
  175  16:34  Siege Tank  
  174  16:56  Siege Tank  
  174  16:58  Ghost  
  174  17:05  Orbital Command  
  174  17:06  Siege Tank  
  166  17:14  Marauder x3  
  169  17:16  Marine x4  
  169  17:17  Marine  
  169  17:21  Planetary Fortress  
  174  17:28  Siege Tank  
  170  17:38  Siege Tank  
  170  17:41  Marine x2  
  170  17:42  Marine x3  
  170  17:43  Marine  
  179  17:50  Marine x2  
  181  17:55  Marauder x3  
  187  17:58  Marine  
  187  17:59  Marine  
  187  18:00  Siege Tank  
  185  18:10  Siege Tank  
  174  18:16  Orbital Command  
  174  18:23  Marine  
  174  18:24  Marine x4  
  174  18:25  Marine x2  
  181  18:32  SCV x2, Sensor Tower  
  181  18:33  SCV, Siege Tank  
  181  18:34  SCV  
  184  18:42  Siege Tank  
  193  19:19  Liberator x2  
  193  19:22  Refinery  
  193  19:28  Siege Tank x2, Command Center  
  199  19:33  Missile Turret  
  199  19:34  Missile Turret  
  172  19:47  Orbital Command  
  165  19:53  Ghost x3  
  165  19:54  Marine  
  165  19:55  Marine x5  
  176  20:00  Siege Tank x2  
  176  20:01  SCV  
  176  20:06  Ghost  
  180  20:07  Sensor Tower  
  180  20:11  Sensor Tower  
  182  20:22  Ghost  
  181  20:32  Siege Tank x2  
  187  20:37  Missile Turret  
  187  20:39  Marauder x3  
  193  20:48  Marine  
  183  21:04  Siege Tank x2  
  189  21:20  Marauder  
  189  21:21  Marauder x2  
  189  21:23  Medivac x2  
  199  21:44  Orbital Command  
  196  21:55  Command Center  
  196  22:32  Marauder x2, Marine x6  
  177  22:39  Orbital Command  
  177  22:42  Siege Tank  
  177  22:43  Siege Tank  
  130  22:52  Marauder x2  
  130  22:53  Marauder  
  130  22:57  Marine  
  130  22:58  Marine x3  
  135  22:59  Marine x2  
  137  23:15  Orbital Command  
  137  23:25  Siege Tank  
  140  23:32  Marine x2  
  142  23:35  Siege Tank  
  145  23:41  Orbital Command  
  144  23:57  Siege Tank  
  144  23:58  Marauder x3  
  153  24:04  Orbital Command  
  120  24:11  Orbital Command  
  109  24:21  Marine  
  109  24:22  Marine x3  
  109  24:23  Marine x2  
  103  24:38  SCV x2  
  105  24:39  SCV x2  
  105  24:40  Siege Tank x2  
  105  24:44  Orbital Command  
  110  25:08  SCV x3  
  110  25:09  SCV x2  
  213  25:14  Orbital Command  
  115  25:20  SCV x2  
  116  25:21  Missile Turret  
  116  25:41  SCV x2  
  118  25:48  Orbital Command  
  115  25:56  Missile Turret  
  82  26:37  Marine x9  
  82  26:38  Marine  
  79  26:59  Marine x5  
  77  27:09  Orbital Command  
  69  27:29  Orbital Command  
  69  27:33  Orbital Command  
  52  28:27  Orbital Command  
  52  28:53  Orbital Command  
Show
View Real Time Build Order
Export as new Build Order

DPGDark Zerg - Winner!

Build Orders: Hatch First, Lurkers 

Get SALT Encoding   

  12  0:00  Drone  
  13  0:12  Overlord  
  13  0:17  Drone  
  14  0:31  Drone x2  
  16  0:48  Hatchery  
  15  0:51  Drone  
  15  0:54  Drone  
  17  0:59  Drone  
  18  1:08  Extractor  
  17  1:14  Spawning Pool  
  17  1:18  Drone  
  17  1:20  Drone  
  18  1:30  Drone  
  19  1:42  Drone  
  20  1:51  Drone  
  21  2:02  Queen x2  
  21  2:03  Zergling x2  
  21  2:04  Zergling x2  
  27  2:11  Zergling x2  
  27  2:12  Overlord  
  28  2:21  Hatchery  
  27  2:28  Drone  
  27  2:33  Drone x2  
  27  2:35  Drone  
  30  2:40  Queen  
  30  2:44  Drone  
  32  2:45  Drone  
  33  2:54  Overlord  
  33  2:56  Drone  
  34  3:06  Overlord  
  34  3:07  Drone  
  35  3:16  Drone x2  
  37  3:20  Drone x3  
  37  3:26  Drone, Queen, Roach Warren  
  42  3:30  Drone  
  42  3:33  Drone  
  44  3:35  Queen  
  46  3:44  Drone x3  
  46  3:48  Drone  
  49  3:49  Drone x2  
  49  3:52  Extractor  
  50  3:57  Overlord  
  50  3:58  Overlord  
  50  4:07  Roach x3  
  56  4:10  Overlord  
  56  4:16  Roach  
  56  4:17  Roach x3  
  64  4:21  Drone  
  64  4:22  Drone  
  68  4:27  Lair  
  66  4:31  Overlord  
  66  4:32  Drone x3  
  66  4:35  Spore Crawler  
  66  4:38  Spore Crawler  
  67  4:41  Drone x2  
  67  4:42  Drone  
  70  4:46  Drone x2  
  70  4:49  Drone x2  
  70  4:50  Drone  
  75  4:53  Drone  
  75  4:54  Drone  
  75  4:56  Drone  
  77  5:03  Drone x3  
  77  5:05  Spore Crawler  
  79  5:08  Drone, Extractor  
  79  5:09  Drone, Extractor  
  79  5:10  Drone  
  79  5:12  Drone x2  
  79  5:14  Drone  
  83  5:15  Drone  
  83  5:21  Overlord  
  84  5:23  Drone  
  84  5:26  Overseer  
  86  5:28  Drone x2  
  86  5:30  Glial Reconstitution  
  86  5:33  Drone x2  
  86  5:34  Overlord  
  89  5:39  Evolution Chamber  
  89  5:41  Drone x4  
  89  5:42  Evolution Chamber  
  91  5:44  Drone  
  91  5:47  Drone  
  93  5:50  Extractor  
  93  5:51  Extractor  
  93  5:52  Infestation Pit  
  93  5:53  Drone x2  
  93  5:54  Drone x3  
  95  6:03  Drone  
  95  6:04  Drone x3  
  94  6:06  Drone x2  
  94  6:10  Drone x2  
  95  6:18  Drone x3  
  95  6:21  Zerg Missile Weapons Level 1  
  95  6:22  Zerg Ground Armor Level 1  
  95  6:27  Infestor  
  95  6:28  Infestor  
  95  6:32  Drone, Hive  
  100  6:34  Drone  
  100  6:35  Hydralisk Den  
  100  6:38  Roach x2  
  100  6:39  Overlord  
  104  6:40  Overlord  
  104  6:43  Hatchery  
  104  6:45  Overlord  
  103  6:48  Metabolic Boost  
  103  6:52  Roach  
  103  6:53  Overlord  
  105  7:01  Spore Crawler  
  104  7:03  Roach x5  
  104  7:04  Hatchery  
  114  7:09  Roach x2  
  114  7:10  Lurker Den  
  114  7:11  Roach  
  114  7:12  Roach  
  114  7:15  Roach  
  123  7:16  Roach  
  123  7:17  Roach  
  127  7:23  Drone  
  127  7:24  Drone, Overlord  
  127  7:29  Overlord  
  129  7:36  Overlord  
  129  7:37  Overlord x2  
  129  7:41  Overlord  
  129  7:44  Overlord  
  129  7:45  Overlord  
  129  7:48  Roach  
  129  7:49  Roach x2  
  129  7:50  Ravager x2  
  137  7:53  Overlord x2  
  137  7:56  Drone x3  
  137  7:57  Drone, Extractor  
  140  8:00  Roach, Spore Crawler, Extractor  
  140  8:01  Roach x3  
  140  8:02  Ravager x4  
  151  8:13  Roach x6  
  151  8:14  Roach  
  151  8:17  Ravager x3  
  151  8:19  Roach x2  
  170  8:23  Ravager  
  170  8:24  Zergling x2  
  170  8:25  Zergling x6  
  175  8:29  Zergling x6  
  175  8:31  Adaptive Talons  
  178  8:36  Zergling x4  
  178  8:37  Zergling x8  
  182  8:49  Viper  
  182  8:51  Drone x2  
  182  8:53  Drone x2  
  189  9:00  Viper  
  192  9:05  Hydralisk x4  
  200  9:18  Hatchery  
  200  9:21  Zerg Missile Weapons Level 2  
  200  9:24  Zerg Ground Armor Level 2  
  199  9:30  Overseer  
  199  9:36  Seismic Spines  
  199  9:40  Lurker  
  199  9:44  Spore Crawler  
  199  9:45  Lurker x2, Spore Crawler x2  
  200  9:46  Spore Crawler  
  198  9:53  Lurker  
  189  10:09  Hydralisk x2  
  189  10:10  Hydralisk  
  194  10:19  Grooved Spines  
  190  10:31  Drone x6  
  190  10:32  Drone x2  
  198  10:37  Lurker  
  194  10:47  Hydralisk x2  
  198  10:52  Evolution Chamber  
  198  10:54  Baneling Nest  
  198  10:56  Lurker  
  198  10:57  Lurker  
  198  10:59  Extractor  
  198  11:00  Extractor  
  198  11:04  Drone x5  
  190  11:06  Pneumatized Carapace  
  190  11:08  Overseer  
  190  11:10  Hydralisk  
  190  11:11  Hydralisk x2  
  191  11:17  Nydus Network  
  194  11:21  Drone  
  194  11:24  Adrenal Glands, Zerg Melee Weapons Level 1  
  195  11:27  Lurker  
  195  11:28  Spore Crawler  
  195  11:29  Spine Crawler  
  195  11:30  Drone, Muscular Augments  
  195  11:31  Lurker, Spine Crawler  
  193  11:37  Lurker x3  
  196  11:40  Zerg Missile Weapons Level 3, Centrifugal Hooks  
  196  11:44  Drone  
  197  11:49  Overseer  
  197  11:50  Zerg Ground Armor Level 3  
  197  11:52  Hatchery  
  196  11:59  Nydus Canal  
  196  12:03  Overseer  
  194  12:24  Nydus Canal  
  194  12:26  Hydralisk x2  
  167  12:30  Overlord x2  
  167  12:31  Hydralisk x2  
  166  12:40  Hydralisk x2  
  166  12:41  Hydralisk  
  166  12:43  Zergling x4  
  174  12:46  Hatchery  
  174  12:47  Hydralisk x3  
  167  13:06  Hydralisk x2  
  169  13:21  Hydralisk x6  
  169  13:22  Hydralisk  
  169  13:24  Lurker x3  
  169  13:25  Lurker x6  
  192  13:33  Zergling x4  
  192  13:34  Zergling x14  
  199  13:36  Zerg Melee Weapons Level 2  
  199  13:50  Hatchery  
  198  14:04  Burrow  
  198  14:10  Drone  
  198  14:15  Overlord x3  
  198  14:16  Overlord  
  199  14:17  Overseer  
  199  14:18  Overseer x3  
  199  14:22  Pathogen Glands  
  199  14:23  Overseer  
  194  14:46  Overseer  
  194  14:47  Overseer x4  
  194  14:48  Drone x2  
  194  14:49  Drone  
  171  15:00  Overlord x3  
  171  15:02  Zergling x64  
  171  15:06  Hatchery  
  199  15:08  Baneling  
  199  15:09  Overseer x4, Baneling x15  
  199  15:10  Zergling x2  
  199  15:13  Overlord x2  
  200  15:18  Neural Parasite  
  193  15:44  Spine Crawler, Spore Crawler  
  193  15:45  Spine Crawler  
  156  15:55  Zergling x2  
  156  15:56  Zergling x38  
  154  15:59  Hydralisk x3  
  154  16:01  Overseer x6  
  157  16:09  Viper x2  
  157  16:10  Viper  
  166  16:11  Zergling x6  
  166  16:20  Zergling x12  
  166  16:21  Overseer x6  
  166  16:22  Overseer  
  166  16:23  Queen x3  
  166  16:24  Overseer x5, Baneling  
  178  16:25  Baneling  
  178  16:26  Baneling x9  
  178  16:29  Drone  
  178  16:30  Zergling x10  
  178  16:31  Baneling x15  
  179  16:42  Zergling x10  
  179  16:43  Hydralisk x3  
  188  16:50  Baneling x8  
  188  16:51  Zerg Melee Weapons Level 3  
  184  16:56  Drone x5  
  184  16:59  Zergling x4  
  184  17:00  Zergling x6  
  161  17:10  Zergling x18  
  169  17:17  Overseer x4, Zergling x6  
  169  17:21  Zergling x6  
  169  17:22  Drone x5  
  180  17:24  Drone x2, Nydus Canal  
  180  17:25  Drone  
  183  17:32  Hatchery  
  170  17:43  Hydralisk  
  170  17:44  Hydralisk x9  
  167  17:51  Drone x4  
  191  17:56  Zergling x18  
  177  18:10  Infestor x2  
  177  18:11  Infestor x2  
  164  18:13  Infestor  
  164  18:14  Infestor x4  
  164  18:17  Zergling x12  
  164  18:18  Zergling x8  
  181  18:22  Lurker x8  
  181  18:23  Lurker  
  181  18:24  Lurker  
  191  18:29  Drone  
  191  18:30  Drone x2  
  194  18:34  Lurker x4  
  194  18:35  Zergling x2  
  194  18:36  Zergling x2  
  197  18:47  Zergling x10  
  194  19:03  Zergling x8  
  194  19:04  Zergling x4  
  194  19:09  Zergling x6  
  194  19:19  Zergling x12  
  198  19:31  Zergling x2  
  198  19:32  Zergling x2  
  198  19:33  Hatchery  
  166  19:51  Overseer  
  164  19:54  Hydralisk  
  164  19:55  Hydralisk  
  165  20:01  Zergling x38  
  165  20:06  Overseer  
  181  20:09  Zergling x4  
  183  20:15  Zergling x10  
  183  20:17  Zergling x2  
  183  20:21  Hatchery  
  184  20:22  Zergling x2  
  184  20:26  Baneling x4  
  184  20:27  Zergling x6, Lurker  
  184  20:28  Zergling x2  
  183  20:42  Zergling x20, Ultralisk Cavern  
  185  20:45  Lurker, Overlord  
  185  20:47  Zergling x2  
  185  20:48  Hydralisk, Zergling x6  
  189  20:57  Infestor x6  
  167  20:58  Zergling x2  
  167  20:59  Zergling x10  
  169  21:06  Zergling x2  
  169  21:07  Zergling x4  
  169  21:08  Zergling x6  
  174  21:13  Hatchery  
  159  21:20  Zergling x4  
  159  21:21  Zergling x24  
  159  21:25  Zergling x12  
  175  21:27  Baneling x14  
  167  21:35  Spore Crawler  
  167  21:37  Zergling x16  
  174  21:41  Zergling x6  
  174  21:43  Zergling x22  
  174  21:44  Anabolic Synthesis  
  188  21:47  Zergling x6  
  188  21:49  Zergling x4  
  188  21:52  Hatchery  
  188  21:53  Zergling x6, Lurker  
  196  21:57  Zergling x6  
  199  22:03  Spore Crawler  
  199  22:04  Infestor x4  
  199  22:05  Infestor, Zergling x4  
  200  22:09  Baneling x4  
  200  22:10  Baneling x2  
  200  22:18  Baneling  
  200  22:27  Chitinous Plating  
  131  22:50  Ultralisk  
  131  22:51  Ultralisk x11, Zergling x4  
  196  22:56  Zergling x2  
  194  23:14  Zergling x2  
  194  23:15  Zergling x12  
  194  23:17  Infestor  
  196  23:23  Infestor x3  
  196  23:24  Infestor x3  
  197  23:31  Overlord  
  197  23:33  Overseer  
  196  23:34  Drone x4  
  196  23:41  Baneling x17  
  200  23:42  Overseer  
  200  23:43  Overseer x3  
  200  23:44  Overseer  
  200  23:47  Hatchery  
  199  23:50  Zergling x2  
  144  24:20  Ultralisk  
  144  24:21  Zergling x46  
  144  24:22  Zergling x2  
  136  24:28  Drone x4, Extractor  
  136  24:29  Drone x5, Extractor  
  143  24:31  Extractor  
  143  24:32  Zergling x24  
  143  24:37  Zergling x10  
  158  24:46  Hydralisk x2  
  158  24:48  Baneling x3  
  158  24:51  Zergling x14  
  165  24:54  Zergling x4  
  165  24:55  Zergling x4  
  165  24:57  Drone  
  165  24:58  Drone  
  156  25:00  Drone x4  
  156  25:02  Extractor  
  156  25:04  Zergling x4  
  156  25:06  Zergling x4  
  160  25:11  Overlord x2  
  160  25:12  Hatchery  
  159  25:14  Hydralisk x2  
  159  25:16  Zergling x2  
  159  25:18  Zergling x6  
  159  25:19  Zergling x2  
  168  25:24  Zergling x4  
  168  25:25  Baneling x7  
  168  25:26  Baneling x2  
  168  25:27  Baneling  
  168  25:28  Baneling  
  164  25:32  Zergling x2  
  165  25:36  Drone x7  
  165  25:41  Lurker  
  172  25:48  Zergling x6  
  172  25:49  Zergling x4  
  168  25:50  Nydus Canal  
  160  25:58  Zergling x4  
  160  25:59  Zergling x2  
  156  26:08  Hydralisk x2  
  156  26:10  Zergling x26  
  156  26:11  Zergling x10  
  163  26:14  Zergling x4  
  163  26:18  Zergling x10  
  139  26:28  Zergling x14  
  139  26:32  Zergling x12  
  139  26:34  Infestor  
  139  26:37  Zergling x4  
  137  26:41  Zergling x4  
  137  26:42  Zergling x4  
  137  26:43  Zergling x2, Extractor x2  
  140  26:47  Lurker  
  140  26:48  Zergling x12  
  144  26:56  Zergling x16  
  144  26:59  Spore Crawler  
  144  27:00  Zergling x2  
  152  27:01  Baneling x6  
  152  27:05  Zergling x12  
  153  27:13  Zergling x2  
  153  27:14  Zergling x12  
  129  27:17  Hydralisk x3  
  129  27:19  Zergling x8  
  133  27:24  Zergling x6  
  133  27:25  Zergling x2  
  133  27:35  Baneling x5  
  133  27:36  Zergling x14  
  125  27:47  Infestor x2  
  125  28:02  Baneling  
  125  28:03  Baneling x4, Zergling x14  
  125  28:04  Zergling x8  
  136  28:07  Zergling x4  
  136  28:12  Zergling x2  
  138  28:24  Zergling x2  
  135  28:29  Zergling x6  
  135  28:41  Zergling x6, Extractor  
  135  28:42  Extractor  
  136  28:50  Baneling x2  
  136  29:02  Hatchery  
  135  29:19  Zergling x22  
  135  29:20  Baneling  
  128  29:34  Drone x2  
Tags
 
Add a new tag
Caveats
  • Supply blocks, unpowered buildings, or Contaminate may cause inaccurate times.
  • Supply counts are checked every 10 seconds.